[Event "Titled Tuesday Blitz October 31 Early 2023"]
[White "Tarnowska, Aleksandra"]
[Black "Josgar05"]
[WhiteFideId "1180967"]
[WhiteElo "2159"]
[BlackElo "2346"]
[Result "1/2-1/2"]
[Round "8"]
[TimeControl "180+1"]
[Date "2023.10.31"]
[WhiteClock "0:00:17"]
[BlackClock "0:00:23"]
[Board "128"]

1. e4 e6 2. d4 c5 3. c3 d5 4. exd5 exd5 5. Bd3 Nc6 6. Ne2 c4 7. Bc2 Nge7 8. Nd2 Bf5 9. Nf3 Bxc2 10. Qxc2 Ng6 11. O-O Bd6 12. Bg5 Qc7 13. Qd2 O-O 14. Rfe1 b5 15. Ng3 Bf4 16. Bxf4 Qxf4 17. Qe2 b4 18. a3 bxc3 19. bxc3 Rab8 20. Rab1 h6 21. h3 Qd6 22. Rxb8 Rxb8 23. Nf5 Qxa3 24. Qe3 Qf8 25. h4 Rb7 26. h5 Nge7 27. N3h4 a5 28. Qg3 Kh7 29. Qd6 Kg8 30. Qg3 Kh8 31. Qd6 Kg8 32. Qg3 1/2-1/2


[Site "https://www.chess.com"]

[Event "Titled Tuesday Blitz October 31 Early 2023"]
[White "Barbot, Pierre"]
[Black "Souza, Gustavo Horokoski De"]
[WhiteFideId "663727"]
[BlackFideId "2146584"]
[WhiteElo "2340"]
[BlackElo "2143"]
[Result "0-1"]
[Round "8"]
[TimeControl "180+1"]
[Date "2023.10.31"]
[WhiteClock "0:00:00"]
[BlackClock "0:00:45"]
[Board "129"]

1. e4 e6 2. d4 d5 3. Nc3 Nf6 4. e5 Nfd7 5. f4 c5 6. Nf3 Nc6 7. Be3 a6 8. a3 b5 9. dxc5 Bxc5 10. Bxc5 Nxc5 11. b4 Nd7 12. Bd3 Qb6 13. Qd2 h6 14. Ne2 a5 15. Rb1 axb4 16. axb4 Bb7 17. c3 O-O 18. Ned4 Nxd4 19. cxd4 Rfc8 20. O-O Ra3 21. Kh1 Rac3 22. f5 exf5 23. Bxf5 R8c7 24. Qf4 Nf8 25. Rbe1 Ne6 26. Qg4 Bc8 27. Qh4 Nf8 28. Qd8 Bxf5 29. Nh4 Be6 30. Nf5 Bxf5 31. Rxf5 Qg6 32. Ref1 Rc1 33. Rf2 Rxf1+ 34. Rxf1 Rc2 35. Rg1 Qg5 36. Qxd5 Rc1 37. Qxb5 Rxg1+ 38. Kxg1 Qe3+ 39. Kf1 Qxd4 40. Ke2 Ne6 41. Qe8+ Kh7 42. Qb8 Nf4+ 43. Kf3 Ne6 44. b5 Qd5+ 45. Ke3 Qc5+ 46. Kf3 Qxb5 47. Qe8 Qxe8 0-1


[Site "https://www.chess.com"]

[Event "Titled Tuesday Blitz October 31 Early 2023"]
[White "Guevara Sanchez, Erick Marvin"]
[Black "Zaksaite, Salomeja"]
[WhiteFideId "6700136"]
[BlackFideId "12801496"]
[WhiteElo "2135"]
[BlackElo "2334"]
[Result "0-1"]
[Round "8"]
[TimeControl "180+1"]
[Date "2023.10.31"]
[WhiteClock "0:00:05"]
[BlackClock "0:01:44"]
[Board "130"]

1. e4 d6 2. d4 Nf6 3. Nc3 g6 4. f3 Bg7 5. Be3 a6 6. Qd2 b5 7. O-O-O Bb7 8. h4 h5 9. Nh3 Nbd7 10. Bd3 c5 11. Nf4 cxd4 12. Bxd4 e5 13. Be3 exf4 14. Bxf4 O-O 15. Bxd6 Re8 16. Kb1 Qc8 17. Be2 Ne5 18. Qg5 Nc4 19. Bxc4 Qxc4 20. e5 Nd5 21. Nxd5 Bxd5 22. b3 Qc6 23. Qd2 Be6 24. Qf4 Rec8 25. Rd2 a5 26. Rhd1 a4 27. g4 hxg4 28. fxg4 axb3 29. cxb3 Qc3 30. h5 Bxb3 31. axb3 Qxb3+ 32. Rb2 Qxd1+ 0-1


[Site "https://www.chess.com"]

[Event "Titled Tuesday Blitz October 31 Early 2023"]
[White "Silvestre, Christian"]
[Black "Pavlidou, Ekaterini"]
[WhiteFideId "30956269"]
[BlackFideId "4213262"]
[WhiteElo "2105"]
[BlackElo "2333"]
[Result "1-0"]
[Round "8"]
[TimeControl "180+1"]
[Date "2023.10.31"]
[WhiteClock "0:00:31"]
[BlackClock "0:00:17"]
[Board "131"]

1. e4 c5 2. Nf3 e6 3. g3 Nc6 4. Bg2 Nf6 5. d3 d5 6. Nbd2 Be7 7. O-O Qc7 8. Re1 b6 9. e5 Nd7 10. Qe2 g5 11. h3 h5 12. c4 g4 13. hxg4 hxg4 14. Nh2 Rxh2 15. Kxh2 Ncxe5 16. cxd5 exd5 17. Bxd5 Bb7 18. Qe4 Bxd5 19. Qxd5 O-O-O 20. Kg2 Kb8 21. Nc4 f6 22. Bf4 Rh8 23. Nxe5 fxe5 24. Rxe5 Nf6 25. Rxe7 Nxd5 26. Bxc7+ Nxc7 27. Rh1 Rd8 28. Rhh7 Nb5 29. Rb7+ Ka8 30. a4 Nd6 31. Rxa7+ Kb8 32. Rad7 Rxd7 33. Rxd7 Nf5 34. Rf7 Nd4 35. Rf4 Ne2 36. Rxg4 Nc1 37. d4 c4 38. d5 Nd3 39. Rxc4 Nxb2 40. Rb4 Nd3 41. Rxb6+ Kc7 42. Rc6+ Kd7 43. Rc3 1-0


[Site "https://www.chess.com"]

[Event "Titled Tuesday Blitz October 31 Early 2023"]
[White "Dishman, Stephen"]
[Black "Levine, David"]
[WhiteFideId "403024"]
[BlackFideId "2011611"]
[WhiteElo "2329"]
[BlackElo "2077"]
[Result "1-0"]
[Round "8"]
[TimeControl "180+1"]
[Date "2023.10.31"]
[WhiteClock "0:00:45"]
[BlackClock "0:00:01"]
[Board "132"]

1. c4 e6 2. g3 d5 3. Nf3 Nf6 4. d4 Be7 5. Bg2 O-O 6. O-O dxc4 7. Ne5 Nc6 8. Bxc6 bxc6 9. Nxc6 Qe8 10. Nxe7+ Qxe7 11. Qa4 c5 12. Qc6 Bb7 13. Qxc5 Qxc5 14. dxc5 Rac8 15. Be3 Ne4 16. Rc1 Ba6 17. b4 cxb3 18. axb3 Bxe2 19. Rxa7 Bd3 20. Nd2 Rfd8 21. Nxe4 Bxe4 22. Bf4 Rd4 23. Ra4 Rxa4 24. bxa4 Bc6 25. a5 Ra8 26. Rb1 f6 27. Rb6 Bd5 28. a6 e5 29. Be3 Bc4 30. c6 Bxa6 31. c7 Kf7 32. Rb8 Bc8 33. Rxa8 1-0


[Site "https://www.chess.com"]

[Event "Titled Tuesday Blitz October 31 Early 2023"]
[White "Szente Varga, Fruzsina"]
[Black "Phillips, Rene"]
[WhiteFideId "712264"]
[BlackFideId "2056275"]
[WhiteElo "2317"]
[BlackElo "2029"]
[Result "0-1"]
[Round "8"]
[TimeControl "180+1"]
[Date "2023.10.31"]
[WhiteClock "0:00:07"]
[BlackClock "0:00:13"]
[Board "133"]

1. e4 Nc6 2. d4 d5 3. e5 a6 4. c3 f6 5. f4 Nh6 6. Bd3 Bg4 7. Qc2 g6 8. Ne2 Qd7 9. O-O Bf5 10. Ng3 Bxd3 11. Qxd3 f5 12. b4 e6 13. a4 Be7 14. Nd2 O-O 15. Ba3 Na7 16. b5 Bxa3 17. Rxa3 axb5 18. Rb1 c6 19. Nb3 b6 20. Nd2 Qe7 21. Raa1 Qh4 22. Qf1 bxa4 23. Rxb6 Rfb8 24. Rxb8+ Rxb8 25. Rxa4 Nb5 26. Qc1 Qxf4 27. Qc2 Ng4 28. Nf3 Qe3+ 29. Kf1 Nxc3 30. Ra1 Ne4 31. Nxe4 fxe4 32. h3 exf3 33. hxg4 fxg2+ 34. Kxg2 Rf8 35. Rf1 Rxf1 36. Kxf1 Qf3+ 37. Ke1 Qe4+ 38. Kd2 Qxc2+ 39. Kxc2 Kg7 40. g5 h6 41. gxh6+ Kxh6 42. Kd3 Kg5 43. Kc3 Kf5 44. Kb4 g5 45. Kc5 g4 46. Kxc6 g3 47. Kd6 g2 48. Kd7 g1=Q 49. Kd6 0-1


[Site "https://www.chess.com"]

[Event "Titled Tuesday Blitz October 31 Early 2023"]
[White "Petrova, Irina"]
[Black "Lohani, Sujana"]
[WhiteFideId "14124122"]
[BlackFideId "12311987"]
[WhiteElo "2312"]
[BlackElo "1978"]
[Result "1-0"]
[Round "8"]
[TimeControl "180+1"]
[Date "2023.10.31"]
[WhiteClock "0:00:18"]
[BlackClock "0:00:00"]
[Board "134"]

1. e4 g6 2. d4 Bg7 3. Nc3 d6 4. f4 Nf6 5. Nf3 O-O 6. e5 Nfd7 7. Bd3 c5 8. e6 fxe6 9. Qe2 cxd4 10. Nb5 e5 11. fxe5 dxe5 12. Bc4+ Kh8 13. Ng5 Nc5 14. Nf7+ Rxf7 15. Bxf7 Nc6 16. O-O Bf5 17. Bd2 Ne4 18. Rae1 Qb6 19. Kh1 Nxd2 20. Qxd2 Qxb5 21. Bb3 Rf8 22. a4 Qb4 23. Qe2 e6 24. g4 Na5 25. gxf5 exf5 26. Qb5 Qxb5 27. axb5 Nxb3 28. cxb3 e4 29. Rc1 d3 30. Kg2 Bxb2 31. Rc7 Bd4 32. Rxb7 e3 33. Rd7 Bb6 34. Rxd3 f4 35. Kf3 g5 36. Rc1 h5 37. h3 Kg7 38. Rc6 Rf5 39. Rd7+ Rf7 40. Rdd6 Kf8 41. Rf6 Rxf6 42. Rxf6+ Ke7 43. Rg6 Kf7 44. Rxg5 Bc7 45. Rxh5 Kf6 46. Rh7 Be5 47. Rxa7 Bd4 48. Ra6+ Ke5 49. b6 Kd6 50. b7+ Kc7 51. Ra4 Bb6 52. Rxf4 Kxb7 53. Rb4 Kc6 54. Rxb6+ Kxb6 55. Kxe3 1-0


[Site "https://www.chess.com"]

[Event "Titled Tuesday Blitz October 31 Early 2023"]
[White "Schut, Han"]
[Black "Ghosh, Chanchal Kumer"]
[WhiteFideId "1005561"]
[BlackFideId "10201858"]
[WhiteElo "2286"]
[BlackElo "1977"]
[Result "1-0"]
[Round "8"]
[TimeControl "180+1"]
[Date "2023.10.31"]
[WhiteClock "0:00:35"]
[BlackClock "0:00:00"]
[Board "135"]

1. e4 c5 2. Nf3 d6 3. d4 cxd4 4. Nxd4 Nf6 5. f3 a6 6. c4 e5 7. Nc2 Be6 8. Nc3 Be7 9. Be3 O-O 10. Qd2 Nbd7 11. Rc1 Rc8 12. b3 Ne8 13. Bd3 f5 14. exf5 Bxf5 15. Bxf5 Rxf5 16. O-O Rh5 17. Nd5 Nef6 18. Ncb4 a5 19. Nxf6+ Nxf6 20. Nd5 Nxd5 21. Qxd5+ Kh8 22. Qxb7 Rb8 23. Qd5 Qe8 24. c5 dxc5 25. Bxc5 e4 26. Qd4 Rd8 27. Qf2 exf3 28. Bxe7 Qxe7 29. Qxf3 Rg5 30. Rce1 Qa7+ 31. Qf2 Qxf2+ 32. Rxf2 h6 33. g3 Rd4 34. Kg2 Kh7 35. Rb1 h5 36. Rbf1 h4 37. Rf3 hxg3 38. Rxg3 Rd2+ 39. Rf2 Rxf2+ 40. Kxf2 Rc5 41. Re3 Rc2+ 42. Re2 Rc5 43. Rb2 g5 44. a3 Kh6 45. b4 axb4 46. axb4 Rb5 47. Ke3 Kh5 48. Kd4 Kh4 49. Kc4 Rb8 50. b5 g4 51. b6 Kh3 52. Kc5 Rc8+ 53. Kd6 Rb8 54. Kc7 Rg8 55. b7 Rg7+ 56. Kb6 Rg6+ 57. Ka7 Rg7 58. Ka8 Rg5 59. b8=Q 1-0


[Site "https://www.chess.com"]

[Event "Titled Tuesday Blitz October 31 Early 2023"]
[White "Cardozo Munar, Carlos Eduardo"]
[Black "Desideri, Ricardo Maruchi"]
[WhiteFideId "4409477"]
[BlackFideId "2110440"]
[WhiteElo "2268"]
[BlackElo "1969"]
[Result "1-0"]
[Round "8"]
[TimeControl "180+1"]
[Date "2023.10.31"]
[WhiteClock "0:01:05"]
[BlackClock "0:00:00"]
[Board "136"]

1. e4 c5 2. Nf3 d6 3. Bc4 a6 4. a4 e6 5. O-O Nf6 6. Nc3 Be7 7. d3 O-O 8. Bg5 Nbd7 9. Bb3 Rb8 10. a5 b5 11. axb6 Rxb6 12. Re1 h6 13. Bh4 d5 14. exd5 exd5 15. Rxe7 g5 16. Rxd7 Qxd7 17. Bg3 Bb7 18. Be5 Ng4 19. h3 Nxe5 20. Nxe5 Qf5 21. d4 c4 22. Ba4 Rxb2 23. Qh5 Kg7 24. Rf1 Rb4 25. f4 Rxa4 26. Nxa4 Qxc2 27. Nc5 Bc8 28. fxg5 1-0


[Site "https://www.chess.com"]

[Event "Titled Tuesday Blitz October 31 Early 2023"]
[White "Elbebiber"]
[Black "Juicy_Fork"]
[WhiteElo "2128"]
[BlackElo "2402"]
[Result "1-0"]
[Round "8"]
[TimeControl "180+1"]
[Date "2023.10.31"]
[WhiteClock "0:00:40"]
[BlackClock "0:00:05"]
[Board "138"]

1. f4 e5 2. fxe5 d6 3. exd6 Bxd6 4. Nf3 g5 5. d4 Nc6 6. Bxg5 Be7 7. Bxe7 Qxe7 8. c3 Nf6 9. Qd3 Bg4 10. Nbd2 O-O-O 11. O-O-O Nd5 12. e4 Nf4 13. Qe3 a6 14. Qxf4 Bxf3 15. Nxf3 f6 16. Bd3 Rhg8 17. g3 Qf7 18. Kb1 Ne7 19. Rhe1 Kb8 20. Nh4 Rd6 21. Nf5 Rb6 22. Nxe7 Qxe7 23. Bc4 Rd8 24. e5 fxe5 25. Qxe5 Qa3 26. Bb3 Qf8 27. Qe7 Qh8 28. Qe5 Qf8 29. Re2 Qf3 30. Qe3 Qf5+ 31. Qe4 Qb5 32. Qd3 Qh5 33. Rde1 a5 34. Kc2 Rf8 35. Qe4 Qb5 36. Qd3 Qc6 37. Re6 Qg2+ 38. R1e2 Qg1 39. Rxb6 cxb6 40. Qe3 Qa1 41. Re1 1-0


[Site "https://www.chess.com"]

[Event "Titled Tuesday Blitz October 31 Early 2023"]
[White "Vifleemskaia, Svetlana"]
[Black "ivana_999"]
[WhiteFideId "4129490"]
[WhiteElo "2255"]
[BlackElo "2040"]
[Result "1-0"]
[Round "8"]
[TimeControl "180+1"]
[Date "2023.10.31"]
[WhiteClock "0:01:25"]
[BlackClock "0:00:00"]
[Board "139"]

1. d4 Nf6 2. c4 c5 3. d5 e5 4. Nc3 d6 5. e4 Nbd7 6. Nge2 Be7 7. Ng3 Nf8 8. Nf5 Bxf5 9. exf5 N8d7 10. Bd3 e4 11. Nxe4 Nxe4 12. Bxe4 Bf6 13. O-O O-O 14. Be3 Ne5 15. Bd3 Nd7 16. Rb1 a5 17. b3 Be5 18. f4 Bf6 19. g4 h6 20. Qf3 Re8 21. Bf2 Bh4 22. Rfe1 Bxf2+ 23. Qxf2 f6 24. Kg2 Qc7 25. Re6 Nf8 26. Qe3 Nxe6 27. fxe6 Re7 28. Qe4 g6 29. Qxg6+ Rg7 30. Qf5 Qe7 31. Kf3 b6 32. h4 Rf8 33. a3 Ra8 34. a4 Rf8 35. Qh5 f5 36. g5 hxg5 37. hxg5 Rh7 38. Qg6+ Qg7 39. Bxf5 Rh3+ 40. Kg4 Qxg6 41. Bxg6 Re3 42. f5 Re4+ 43. Kf3 Kg7 44. Kxe4 1-0


[Site "https://www.chess.com"]

[Event "Titled Tuesday Blitz October 31 Early 2023"]
[White "Faci, Fadil"]
[Black "Burke, Carol Ann"]
[WhiteFideId "4645162"]
[BlackFideId "11104643"]
[WhiteElo "2222"]
[BlackElo "2709"]
[Result "0-1"]
[Round "8"]
[TimeControl "180+1"]
[Date "2023.10.31"]
[WhiteClock "0:00:07"]
[BlackClock "0:00:20"]
[Board "140"]

1. e4 c5 2. Nf3 e6 3. d4 cxd4 4. Nxd4 a6 5. Be3 Qc7 6. Be2 Nf6 7. Bf3 Nc6 8. Nd2 Ne5 9. c3 Nd3+ 10. Ke2 Nf4+ 11. Bxf4 Qxf4 12. g3 Qc7 13. Qb3 Bc5 14. Rac1 d6 15. Qc4 b5 16. Qd3 Bb7 17. b4 Ba7 18. c4 bxc4 19. Nxc4 Qe7 20. Nb3 Rd8 21. Nca5 d5 22. e5 Ne4 23. Nc5 Nxc5 24. bxc5 Qc7 25. Nxb7 Qxb7 26. Rb1 Qc7 27. Rhc1 Bxc5 28. Qxa6 Qxe5+ 29. Kf1 Bd6 30. Qc6+ Ke7 31. Rb7+ Kf6 32. Qb5 Qd4 33. Rd1 Qc5 34. Kg2 Qxb5 35. Rxb5 Ra8 36. Rb2 Rhb8 37. Rdb1 Rxb2 38. Rxb2 Be5 39. Rc2 Ra3 40. h4 g6 41. Be2 d4 42. Bb5 Bd6 43. Be8 Ke7 44. Bb5 Bb4 45. Bc4 Bc3 46. Bb3 f5 47. Kf3 e5 48. Ke2 e4 49. Kd1 Kd6 50. f3 Ke5 51. f4+ Kd6 52. Kc1 Kc5 53. Kb1 Kb4 54. Rc1 d3 55. Rd1 Rxb3+ 56. axb3 Kxb3 57. h5 d2 58. hxg6 hxg6 59. g4 e3 60. gxf5 gxf5 0-1


[Site "https://www.chess.com"]

[Event "Titled Tuesday Blitz October 31 Early 2023"]
[White "Nanu, Costica-Ciprian"]
[Black "Kiseleva, Arina"]
[WhiteFideId "1204580"]
[BlackFideId "4164989"]
[WhiteElo "2579"]
[BlackElo "2219"]
[Result "1-0"]
[Round "8"]
[TimeControl "180+1"]
[Date "2023.10.31"]
[WhiteClock "0:00:15"]
[BlackClock "0:00:00"]
[Board "141"]

1. a3 a5 2. c4 a4 3. Nc3 e5 4. Nxa4 f5 5. Nc3 Nf6 6. g3 Nc6 7. Bg2 Bc5 8. d3 O-O 9. Nf3 e4 10. dxe4 fxe4 11. Nxe4 Nxe4 12. Qd5+ Kh8 13. Qxe4 Re8 14. Qc2 Qe7 15. O-O Nd4 16. Nxd4 Bxd4 17. e3 Bf6 18. Bd2 d6 19. Bc3 c6 20. h3 Be5 21. Bxe5 dxe5 22. Kh2 e4 23. b4 Bf5 24. Rfd1 h5 25. h4 g5 26. Qc3+ Kh7 27. hxg5 Qxg5 28. Rh1 Rad8 29. Kg1 Rd3 30. Qc2 Red8 31. Qe2 Kg6 32. Rh4 Rd2 33. Qe1 Qf6 34. Rf4 Qe5 35. a4 Kg5 36. a5 Qd6 37. Bxe4 Bxe4 38. Rxe4 Qxb4 39. Rb1 Qd6 40. Rd4 Rxd4 41. exd4 Qxd4 42. Rxb7 Qd1 43. Qxd1 Rxd1+ 44. Kg2 Ra1 45. Ra7 Kg4 46. a6 c5 47. Ra8 h4 48. a7 h3+ 49. Kh2 Kf3 50. Rf8+ Ke2 51. a8=Q Rxa8 52. Rxa8 Kxf2 53. Kxh3 1-0


[Site "https://www.chess.com"]

[Event "Titled Tuesday Blitz October 31 Early 2023"]
[White "Limontaite, Simona"]
[Black "Iskusnyh, Sergei"]
[WhiteFideId "12802506"]
[BlackFideId "4120027"]
[WhiteElo "2211"]
[BlackElo "2543"]
[Result "0-1"]
[Round "8"]
[TimeControl "180+1"]
[Date "2023.10.31"]
[WhiteClock "0:00:00"]
[BlackClock "0:00:16"]
[Board "142"]

1. d4 Nf6 2. c4 c5 3. d5 e6 4. Nc3 exd5 5. cxd5 d6 6. e4 g6 7. Nf3 a6 8. a4 Bg4 9. h3 Bxf3 10. Qxf3 Bg7 11. Bd3 O-O 12. O-O Nbd7 13. Qd1 Re8 14. Re1 Qc7 15. Bf4 Nh5 16. Bh2 Be5 17. g3 Rab8 18. a5 b5 19. axb6 Rxb6 20. Na4 Rb4 21. Kh1 a5 22. f4 Bd4 23. g4 Nhf6 24. Re2 Reb8 25. Bc2 Qb7 26. Ra2 Nxd5 27. b3 Ne3 28. Rxe3 Bxe3 29. Qxd6 Rxe4 30. Bxe4 Qxe4+ 31. Rg2 Rxb3 0-1


[Site "https://www.chess.com"]

[Event "Titled Tuesday Blitz October 31 Early 2023"]
[White "Terletsky, Oleg"]
[Black "Quirke, Jeffrey"]
[WhiteFideId "14116774"]
[BlackFideId "2013029"]
[WhiteElo "2486"]
[BlackElo "2206"]
[Result "1/2-1/2"]
[Round "8"]
[TimeControl "180+1"]
[Date "2023.10.31"]
[WhiteClock "0:00:14"]
[BlackClock "0:00:16"]
[Board "143"]

1. e4 e6 2. d4 d5 3. Nd2 c5 4. Ngf3 cxd4 5. exd5 Qxd5 6. Bc4 Qd7 7. O-O Nc6 8. Nb3 a6 9. Nbxd4 Nxd4 10. Nxd4 Qc7 11. Bb3 Bd6 12. Re1 Ne7 13. h4 O-O 14. Qg4 e5 15. Ne6 Bxe6 16. Bxe6 fxe6 17. Qxe6+ Kh8 18. Bg5 Ng6 19. g3 Rae8 20. Qg4 Qc8 21. Qxc8 Rxc8 22. c3 h6 23. Rad1 Bc5 24. Be3 Bxe3 25. Rxe3 h5 26. Rd7 b5 27. Red3 Rf6 28. a3 Rcf8 29. Rd2 Kh7 30. Rc7 Kh6 31. Re2 R8f7 32. Rc5 Rd7 33. Kg2 Rd1 34. Rc8 Rfd6 35. Ra8 Rb1 36. Ra7 Rc1 37. Rb7 Rcd1 38. Ra7 Re6 39. Kf3 Rd3+ 40. Ke4 Rd8 41. Ke3 Nf8 42. Rd2 Rxd2 43. Kxd2 Nh7 44. Ke3 Nf6 45. f3 Kg6 46. Rb7 Re7 47. Rxe7 Nd5+ 48. Ke4 Nxe7 49. Kxe5 Kf7 50. g4 hxg4 51. fxg4 g6 52. h5 gxh5 53. gxh5 Ng8 54. Kd6 Nf6 55. h6 Kg6 56. Kc6 Kxh6 57. Kb6 Kg6 58. Kxa6 Kf5 59. Kxb5 Ke6 60. c4 Kd6 61. b4 Kc7 62. c5 Ne4 63. a4 Nc3+ 64. Ka5 Kc6 65. b5+ Kxc5 66. b6 Kc6 67. Ka6 Nxa4 68. b7 Nc5+ 69. Ka7 Nxb7 1/2-1/2


[Site "https://www.chess.com"]

[Event "Titled Tuesday Blitz October 31 Early 2023"]
[White "knightinshiningarmour16"]
[Black "Seletsky, Grigory"]
[BlackFideId "14112191"]
[WhiteElo "2161"]
[BlackElo "2472"]
[Result "0-1"]
[Round "8"]
[TimeControl "180+1"]
[Date "2023.10.31"]
[WhiteClock "0:00:46"]
[BlackClock "0:02:47"]
[Board "144"]

1. d4 c5 2. d5 e5 3. dxe6 fxe6 4. c4 Nc6 5. e3 Nf6 6. b3 d5 7. Bb2 Be7 8. Bxf6 Bxf6 9. Nd2 Bxa1 10. Qxa1 O-O 11. Ne2 Nb4 12. Qb2 Nd3+ 0-1


[Site "https://www.chess.com"]

[Event "Titled Tuesday Blitz October 31 Early 2023"]
[White "Van Essen, Mark"]
[Black "Fernandez Hernandez, Gerardo"]
[WhiteFideId "1012819"]
[BlackFideId "2207400"]
[WhiteElo "2307"]
[BlackElo "2154"]
[Result "1-0"]
[Round "8"]
[TimeControl "180+1"]
[Date "2023.10.31"]
[WhiteClock "0:01:05"]
[BlackClock "0:00:03"]
[Board "145"]

1. e4 e6 2. d4 d5 3. Nc3 Nc6 4. e5 f6 5. f4 fxe5 6. fxe5 Qh4+ 7. g3 Qxd4 8. Bf4 g5 9. Qh5+ Kd7 10. Nf3 Qb4 11. O-O-O gxf4 12. Bh3 Nge7 13. Nxd5 Nxd5 14. Rxd5+ Bd6 15. Qf7+ Ne7 16. exd6 cxd6 17. Rhd1 Kc6 18. Rxd6+ Qxd6 19. Rxd6+ Kxd6 20. Qxf4+ Kc6 21. Ne5+ Kb6 22. Qb4+ Kc7 23. Qxe7+ Kb6 24. Bxe6 a6 25. Nc4+ Ka7 26. Qc5+ Kb8 27. Bxc8 Rxc8 28. Qd6+ Ka7 29. Nb6 Rc6 30. Qxc6 bxc6 31. Nxa8 Kxa8 32. Kd2 1-0


[Site "https://www.chess.com"]

[Event "Titled Tuesday Blitz October 31 Early 2023"]
[White "Mr_November18"]
[Black "Pein, Jonathan"]
[BlackFideId "417092"]
[WhiteElo "2125"]
[BlackElo "2306"]
[Result "1-0"]
[Round "8"]
[TimeControl "180+1"]
[Date "2023.10.31"]
[WhiteClock "0:00:56"]
[BlackClock "0:00:08"]
[Board "146"]

1. e4 c6 2. d4 d5 3. f3 g6 4. e5 Bg7 5. f4 h5 6. Nf3 Nh6 7. Bd3 Bf5 8. O-O O-O 9. Be3 Nd7 10. Nh4 Bxd3 11. Qxd3 e6 12. g3 c5 13. c3 cxd4 14. Bxd4 Qc7 15. Nd2 b5 16. Nxg6 fxg6 17. Qxg6 Rae8 18. Qxh5 Nb6 19. Nf3 Qf7 20. Qh4 Nf5 21. Qh3 Nc4 22. Ng5 Qg6 23. Rf2 Nxe5 24. Nxe6 Rxe6 25. fxe5 Qh6 26. Qg4 Rg6 27. Qd1 Qh3 28. Qf1 Nxg3 29. Rxf8+ Bxf8 30. Qxh3 Nh5+ 31. Kf1 Nf4 32. Qf5 Bh6 1-0


[Site "https://www.chess.com"]

[Event "Titled Tuesday Blitz October 31 Early 2023"]
[White "dontcatchmeifyoucant"]
[Black "Viskelis, Darius"]
[BlackFideId "12800830"]
[WhiteElo "2120"]
[BlackElo "2295"]
[Result "0-1"]
[Round "8"]
[TimeControl "180+1"]
[Date "2023.10.31"]
[WhiteClock "0:00:00"]
[BlackClock "0:00:47"]
[Board "147"]

1. e4 c6 2. d4 g6 3. Nc3 Bg7 4. Be3 d5 5. e5 Nh6 6. f4 O-O 7. Nf3 Nf5 8. Bf2 h5 9. Bd3 c5 10. dxc5 Nc6 11. Bxf5 Bxf5 12. Nxd5 e6 13. Ne3 Qa5+ 14. c3 Rfd8 15. Qb3 Bd3 16. Nc4 Qc7 17. Nd6 Na5 18. Qb4 Qc6 19. O-O-O Be2 20. Qxa5 b6 21. Qa3 Bxf3 22. gxf3 Qxf3 23. Bg3 h4 24. Be1 Qxh1 25. Bxh4 Qxh2 26. Bxd8 Qxf4+ 27. Kb1 Rxd8 28. Qxa7 bxc5 29. Qe7 Rf8 30. Nb5 Qxe5 31. Nc7 Qe4+ 0-1


[Site "https://www.chess.com"]

[Event "Titled Tuesday Blitz October 31 Early 2023"]
[White "Sarkar, Justin"]
[Black "Mirza, Diana"]
[WhiteFideId "2010011"]
[BlackFideId "2503999"]
[WhiteElo "2245"]
[BlackElo "1948"]
[Result "0-1"]
[Round "8"]
[TimeControl "180+1"]
[Date "2023.10.31"]
[WhiteClock "0:00:00"]
[BlackClock "0:00:22"]
[Board "148"]

1. e4 d5 2. exd5 Qxd5 3. Nc3 Qd8 4. Nf3 Nf6 5. d4 Bg4 6. h3 Bxf3 7. Qxf3 c6 8. Be3 e6 9. O-O-O Bb4 10. Bg5 Nbd7 11. Kb1 Qa5 12. Bd2 Nb6 13. a3 Bxa3 14. bxa3 Qxa3 15. Ne4 Qe7 16. Nxf6+ gxf6 17. Qb3 O-O 18. Bb4 Qd7 19. Bxf8 Kxf8 20. Be2 Nd5 21. c4 Nb6 22. Rhe1 Qc7 23. Bf3 a5 24. d5 a4 25. Qb4+ c5 26. d6 Qd7 27. Qxb6 a3 28. Qb5 a2+ 29. Ka1 Qd8 30. d7 Ra5 0-1


[Site "https://www.chess.com"]

[Event "Titled Tuesday Blitz October 31 Early 2023"]
[White "Vila Dupla, Aurelio"]
[Black "Mohammadian,Mohammad"]
[WhiteFideId "2203383"]
[BlackFideId "12566055"]
[WhiteElo "2241"]
[BlackElo "1841"]
[Result "1-0"]
[Round "8"]
[TimeControl "180+1"]
[Date "2023.10.31"]
[WhiteClock "0:01:29"]
[BlackClock "0:00:47"]
[Board "149"]

1. Nf3 Nf6 2. d4 g6 3. g3 Bg7 4. Bg2 O-O 5. O-O d5 6. c4 c6 7. cxd5 cxd5 8. Nc3 Nc6 9. Ne5 e6 10. Nxc6 bxc6 11. Na4 Nd7 12. Be3 Qa5 13. Rc1 Bb7 14. b3 Rac8 15. Qe1 Qxe1 16. Rfxe1 Rfe8 17. Red1 e5 18. dxe5 Bxe5 19. Bxa7 Bg7 20. e3 Ne5 21. Bd4 Ba6 22. Rc3 Be2 23. Rdc1 Bb5 24. Nc5 Nd7 25. Bxg7 Kxg7 26. Nxd7 c5 27. Rxc5 Bxd7 28. Rxc8 Rxc8 29. Rxc8 Bxc8 30. Bxd5 Ba6 31. a4 f6 32. b4 Kf8 33. b5 Bc8 34. b6 Ke7 35. b7 Bxb7 36. Bxb7 1-0


[Site "https://www.chess.com"]

[Event "Titled Tuesday Blitz October 31 Early 2023"]
[White "Skiadopoulos, Nikolaos"]
[Black "Thomas, Anysia"]
[WhiteFideId "4200772"]
[BlackFideId "670472"]
[WhiteElo "1792"]
[BlackElo "2234"]
[Result "0-1"]
[Round "8"]
[TimeControl "180+1"]
[Date "2023.10.31"]
[WhiteClock "0:00:00"]
[BlackClock "0:01:09"]
[Board "150"]

1. b4 d5 2. Bb2 Nd7 3. f4 Ngf6 4. Nf3 g6 5. e3 Bg7 6. Be2 O-O 7. O-O c5 8. bxc5 Nxc5 9. Ne5 Nfe4 10. d3 Nd6 11. Bd4 b6 12. Nd2 Nf5 13. c3 Ne6 14. g4 Nexd4 15. cxd4 Nxe3 16. Qb3 Nxf1 17. Rxf1 Qd6 18. Ndf3 Be6 19. Ng5 Rac8 20. f5 Bxe5 21. dxe5 Qxe5 22. fxe6 Qe3+ 23. Rf2 fxe6 24. Nf3 Rf4 25. h3 Rcf8 26. Kg2 h5 27. gxh5 gxh5 28. d4 Qe4 0-1


[Site "https://www.chess.com"]

[Event "Titled Tuesday Blitz October 31 Early 2023"]
[White "IsaqueGoncalvesSanto"]
[Black "Simonovic, Miroslav"]
[BlackFideId "919152"]
[WhiteElo "1800"]
[BlackElo "2278"]
[Result "1-0"]
[Round "8"]
[TimeControl "180+1"]
[Date "2023.10.31"]
[WhiteClock "0:02:16"]
[BlackClock "0:02:22"]
[Board "151"]

1. d4 Nf6 2. c4 c5 3. d5 b5 4. a4 bxc4 5. Nc3 d6 6. Nf3 Nbd7 7. Nd2 Ba6 8. e4 Rb8 9. b3 g6 10. Bxc4 Bxc4 11. Nxc4 Bg7 12. Rb1 O-O 13. O-O Ng4 14. Nb5 Nge5 15. Nxa7 Qa5 16. Nxa5 1-0


[Site "https://www.chess.com"]

[Event "Titled Tuesday Blitz October 31 Early 2023"]
[White "Ferrufino, Boris"]
[Black "Gyulamiryan-koryun"]
[WhiteFideId "3300170"]
[WhiteElo "2169"]
[BlackElo "1912"]
[Result "1-0"]
[Round "8"]
[TimeControl "180+1"]
[Date "2023.10.31"]
[WhiteClock "0:01:58"]
[BlackClock "0:00:00"]
[Board "152"]

1. e4 e5 2. d4 exd4 3. Qxd4 Nc6 4. Qe3 Nf6 5. Nc3 Bb4 6. Bd2 O-O 7. O-O-O Re8 8. Bc4 Bxc3 9. Bxc3 Rxe4 10. Bxf6 Rxe3 11. Bxd8 Re4 12. Bd5 Re8 13. Bxc7 Nb4 14. Bc4 b6 15. a3 Nc6 16. Nf3 Na5 17. Bd5 Bb7 18. Bxb7 Nxb7 19. Rxd7 Nc5 20. Rdd1 Rac8 21. Bd6 Nb3+ 22. Kb1 Na5 23. b3 Re2 24. Rd2 Re6 25. Rhd1 h6 26. Kb2 Rg6 27. g3 Rf6 28. Ne5 Re6 29. c4 Rce8 30. f4 Nb7 31. Bb4 Rf6 32. Bc3 Rfe6 33. b4 f6 34. Ng6 Re3 35. Nh4 Kh7 36. Nf5 R3e4 37. Nd6 R8e7 38. Nxe4 Rxe4 39. Rd4 Re2+ 40. R1d2 Re6 41. Rd7 1-0


[Site "https://www.chess.com"]